 Dungeon Crawl Stone Soup version 0.31.0-11-ge490571c62 (webtiles) character file.

Game seed: 3576394588102084507

165 qw the Shooter (level 5, -6/26 HPs)
             Began as a Spriggan Hunter on Feb 5, 2024.
             Mangled by an orc
             ... wielding a +0 war axe
              (8 damage)
             ... on level 3 of the Dungeon.
             The game lasted 00:00:58 (2386 turns).

qw the Shooter (Spriggan Hunter)                    Turns: 2386, Time: 00:00:59

Health: -6/26      AC:  6    Str:  7    XL:     5   Next: 22%
Magic:  6/6        EV: 20    Int: 11    God:
Gold:   125        SH:  0    Dex: 20    Spells: 4/4 levels left

rFire   . . .        a - +1 shortbow
rCold   + . .        (shield currently unavailable)
rNeg    . . .        c - +0 robe
rPois   .            (helmet restricted)
rElec   .            (no cloak)
rCorr   .            (gloves unavailable)
SInv    +            (boots unavailable)
Will    .....        (no amulet)
Stlth   ++           d - ring of protection from cold
HPRegen 0.24/turn    e - +4 ring of protection
MPRegen 0.10/turn

%: no passive effects
@: very quick
A: very small, no large weapons, unfitting armour, see invisible, speed 3
a: no special abilities


You were on level 3 of the Dungeon.
You visited 1 branch of the dungeon, and saw 4 of its levels.

You collected 125 gold pieces.


Innate Abilities, Weirdness & Mutations

You are very small and have problems with some larger weapons.
You are too small for most types of armour.
You have supernaturally acute eyesight. (SInv)
You cover ground extremely quickly. (Speed+++)


   Skills:
 - Level 2.1 Fighting
 + Level 5.3 Ranged Weapons
 - Level 5.1 Dodging
 - Level 1.5 Stealth


You had 4 spell levels left.
You didn't know any spells.
Your spell library was empty.

Inventory:

Hand Weapons
 a - a +1 shortbow (weapon)
Armour
 c - a +0 robe (worn)
Jewellery
 d - a ring of protection from cold (left hand)
 e - a +4 ring of protection (right hand)
Potions
 g - 2 potions of haste
 i - a potion of curing

Dungeon Overview and Level Annotations

Branches:
Dungeon (4/15)
 Temple: D:4-7

Altars:
Qazlal

Annotations:
D:3 1 runed translucent door, Crazy Yiuf


Message History

The orc wizard gestures at you while chanting.
The puff of flame hits you.
You shoot an arrow. The arrow barely misses the orc wizard.
The orc completely misses you. The orc wizard closely misses you.
You shoot an arrow.
The arrow hits the orc wizard but does no damage.
The orc misses you. The orc wizard closely misses you.
You shoot an arrow. The arrow hits the orc wizard!
The orc wizard is almost dead.
The orc completely misses you. The orc wizard completely misses you.
You shoot an arrow. The arrow barely misses the orc wizard.
The orc misses you.
The orc wizard hits you but does no damage.
You shoot an arrow.
The arrow completely misses the orc wizard.
The orc hits you but does no damage.
The orc wizard hits you but does no damage.
The orc closely misses you. The orc wizard closely misses you.
You shoot an arrow.
The arrow closely misses the orc wizard.
The orc hits you with a +0 war axe.
The orc wizard points at you and mumbles some strange words.
The magic dart hits you!
You shoot an arrow. The arrow barely misses the orc wizard.
The orc hits you with a +0 war axe.
The orc wizard hits you with a +0 dagger.
You shoot an arrow.
The arrow hits the orc wizard but does no damage.
The orc wizard is almost dead.
The orc barely misses you.
The orc wizard points at you and mumbles some strange words.
The magic dart hits you.
You shoot an arrow. The arrow hits the orc wizard.
You kill the orc wizard!
The orc hits you with a +0 war axe.
You shoot an arrow. The arrow completely misses the orc.
The orc closely misses you.
You shoot an arrow. The arrow closely misses the orc.
The orc closely misses you. The orc hits you with a +0 war axe!
You die...

######## #......#
##########.####.#
#...[o).##.# #.#
#....@...#.####.###
#.#####..#.#......#
#####.####...#.#.##.#.#
#................##.#.#
#.###........#......#.#
#.# #.......#########.#
#.# ######.## #.# #.#
#.# #.# #.# #.# #.#


You could see an orc.

Vanquished Creatures
  A hound (D:3)
  2 orc wizards (D:3)
  3 adders
  A dart slug (D:1)
  3 ribbon worms (D:2)
  5 orcs (D:3)
  4 bats
  4 endoplasms
  3 giant cockroaches
  4 goblins
  2 hobgoblins (D:1)
  7 ball pythons
  2 frilled lizards
  4 kobolds
  8 rats
53 creatures vanquished.

Notes
Turn   | Place    | Note
-------+----------+-------------------------------------------
     0 | D:1      | qw the Spriggan Hunter began the quest for the Orb.
     0 | D:1      | Reached XP level 1. HP: 10/10 MP: 2/2
     0 | D:1      | 0 ||| qw: Version: 0.3-a-160-g6735b56
     0 | D:1      | 0 ||| qw: Game counter: 6514
     0 | D:1      | 0 ||| qw: Melee chars always use a shield: true
     0 | D:1      | 0 ||| qw: God list: Okawaru
     0 | D:1      | 0 ||| qw: Allow faded altars: false
     0 | D:1      | 0 ||| qw: Do Orc after clearing Dungeon:15 true
     0 | D:1      | 0 ||| qw: Do second Lair branch before Depths: true
     0 | D:1      | 0 ||| qw: Lair rune preference: random
     0 | D:1      | 0 ||| qw: Goals: Normal
     0 | D:1      | 0 ||| PLANNING D:1-11
    39 | D:1      | Reached skill level 3 in Dodging
    82 | D:1      | Reached XP level 2. HP: 14/14 MP: 3/3
   431 | D:1      | 431 ||| READING scroll labelled KOS MOTIXULUYCUI.
   432 | D:1      | 432 ||| READING scroll labelled QEDEOC EN NAI.
   432 | D:1      | Identified a scroll of acquirement
   432 | D:1      | 432 ||| ACQUIRING ring of protection from cold
   432 | D:1      | Acquired a ring of protection from cold
   434 | D:1      | 434 ||| UPGRADING to ring of protection from cold.
   435 | D:1      | 435 ||| READING 3 scrolls labelled CIYWYIFOAR.
   435 | D:1      | 435 ||| IDENTIFYING puce potion
   436 | D:1      | 436 ||| DROPPING scroll of butterflies.
   578 | D:2      | Reached XP level 3. HP: 18/18 MP: 4/4
   739 | D:2      | HP: 1/18 [ribbon worm (6)]
  1066 | D:2      | 1066 ||| READING 2 scrolls of identify.
  1066 | D:2      | 1066 ||| IDENTIFYING white potion
  1067 | D:2      | 1067 ||| READING scroll of identify.
  1067 | D:2      | 1067 ||| IDENTIFYING scroll labelled MOTOXE GEIMPI
  1068 | D:2      | 1068 ||| READING scroll of enchant weapon.
  1068 | D:2      | 1068 ||| ENCHANTING +0 shortbow.
  1069 | D:2      | 1069 ||| READING 2 scrolls labelled HOINEN PIPRIU.
  1070 | D:2      | 1070 ||| DROPPING scroll of revelation.
  1071 | D:2      | 1071 ||| DROPPING potion of degeneration.
  1149 | D:3      | Reached XP level 4. HP: 22/22 MP: 5/5
  1523 | D:3      | Found a stormy altar of Qazlal.
  1667 | D:3      | Reached XP level 5. HP: 26/26 MP: 6/6
  1937 | D:3      | 1937 ||| DROPPING amulet of magic regeneration.
  1938 | D:3      | 1938 ||| UPGRADING to +4 ring of protection.
  1939 | D:3      | 1939 ||| READING scroll of identify.
  1939 | D:3      | 1939 ||| IDENTIFYING murky green potion
  1940 | D:3      | 1940 ||| READING scroll labelled XASKEO BOMUACY.
  1941 | D:3      | 1941 ||| READING scroll labelled FICAET XOWOHI.
  1942 | D:3      | 1942 ||| READING scroll labelled AXZITAAHIO.
  1944 | D:3      | 1944 ||| Stepping ~*~*~tactically~*~*~ (cloud).
  2094 | D:3      | Found a runed translucent door.
  2095 | D:3      | Noticed Crazy Yiuf
  2155 | D:4      | 2155 ||| FLEEEEING.
  2156 | D:4      | 2156 ||| STAIRDANCE
  2156 | D:4      | HP: 2/26 [orc priest/divine providence (10)]
  2257 | D:4      | 2257 ||| STAIRDANCE
  2257 | D:4      | HP: 3/26 [orc priest/divine providence (14)]
  2356 | D:4      | 2356 ||| STAIRDANCE
  2370 | D:4      | 2370 ||| STAIRDANCE
  2383 | D:3      | HP: 4/26 [orc wizard/magic dart (3)]
  2384 | D:3      | HP: 1/26 [orc/+0 war axe (3)]
  2386 | D:3      | Mangled by an orc

Levels and vault maps discovered:
D:1:      dpeg_arrival_short_road, layout_rooms
D:2:      layout_loops_ring
D:3:      layout_loops_corners, grunt_qazlal_sundering, kennysheep_doodads,
          uniq_crazy_yiuf_cottage
D:4:      layout_cave_pools

Skill      XL: |  1  2  3  4 |
---------------+-------------+-----
Dodging        | 3 4 5 |  5.1
Ranged Weapons | 5 |  5.3
Fighting       | 2 |  2.1
Stealth        | |  1.5

Action                     |  1- 3 |  4- 6 || total
---------------------------+-------+-------++-------
   Fire: Shortbow          |   106 |    48 ||   154
    Use: Scroll            |     7 |     4 ||    11
 Armour: Robe              |     9 |    22 ||    31
  Dodge: Dodged            |    30 |    38 ||    68

Table legend:
 A = Non-vault XP
 B = Vault XP
 C = Vault XP percentage of total XP
 D = Non-vault monster count
 E = Vault monster count
 F = Vault count percentage of total count
                 A         B        C        D         E       F
            +---------+---------+-------+---------+---------+-------
      Total |     237 |       0 |   0.0 |      53 |       0 |   0.0
            +---------+---------+-------+---------+---------+-------
        D:1 |      37 |       0 |   0.0 |      23 |       0 |   0.0
        D:2 |      52 |       0 |   0.0 |      14 |       0 |   0.0
        D:3 |     146 |       0 |   0.0 |      15 |       0 |   0.0
        D:4 |       2 |       0 |   0.0 |       1 |       0 |   0.0
            +---------+---------+-------+---------+---------+-------
